 Dungeon Crawl Stone Soup version 0.32-a0-612-g1c984fe9d1 (webtiles) character file.

Game seed: 15121510559810621664

7758 backslashecho the Cleaver (level 11, -10/89 HPs)
             Began as a Coglin Berserker on Mar 4, 2024.
             Was a High Priest of Trog.
             Mangled by a yak (12 damage)
             ... on level 10 of the Dungeon.
             The game lasted 00:22:00 (8534 turns).

backslashecho the Cleaver (Coglin Berserker)        Turns: 8534, Time: 00:22:01

Health: -10/89     AC:  9    Str: 22    XL:     11   Next: 20%
Magic:  11/11      EV: 11    Int:  6    God:    Trog [*****.]
Gold:   559        SH:  0    Dex: 14    Spells: 10/10 levels left

rFire   . . .        p - +0 war axe {Kanchana}
rCold   + . .        E - +2 whip (elec) {Ming}
rNeg    . . .        i - +2 ring mail {rC+}
rPois   .            a - +0 hat
rElec   .            o - +0 cloak
rCorr   .            (no gloves)
SInv    .            (no boots)
Will    .....        (amulet unavailable)
Stlth   +            (ring unavailable)
HPRegen 0.34/turn    (ring unavailable)
MPRegen 0.12/turn    (no gizmo)

%: no passive effects
@: no status effects
A: off-hand wielding, slow wielding, warmup strikes, no jewellery
a: Invent Gizmo, Renounce Religion, Berserk, Trog's Hand, Brothers in Arms


You were on level 10 of the Dungeon.
You worshipped Trog.
Trog was extremely pleased with you.
You visited 1 branch of the dungeon, and saw 10 of its levels.
You also visited: Ossuary.

You collected 559 gold pieces.

Inventory:

Hand Weapons
 p - a +0 war axe (weapon) {Kanchana}
 w - the +2 falchion of Dim Light {pain, rC+ rCorr Str+2 Int+4}
   (You found it on level 7 of the Dungeon)

   Str+2:     It affects your strength (+2).
   Int+4:     It affects your intelligence (+4).
   rC+:       It protects you from cold.
   rCorr:     It protects you from acid and corrosion.
 E - a +2 whip of electrocution (offhand) {Ming}
Missiles
 h - 2 curare-tipped darts
 H - 7 poisoned darts (quivered)
Armour
 a - a +0 hat (worn)
 i - a +2 ring mail of cold resistance (worn)
 o - a +0 cloak (worn)
Wands
 I - a wand of iceblast (3)
 J - a wand of mindburst (7)
Scrolls
 b - 3 scrolls of teleportation
 d - 2 scrolls of vulnerability {unknown}
 g - 2 scrolls of brand weapon {unknown}
 j - 3 scrolls of poison {unknown}
 l - 2 scrolls of fog {unknown}
 n - 3 scrolls of noise {unknown}
 r - 2 scrolls of enchant weapon {unknown}
 s - 2 scrolls of blinking {unknown}
 t - 2 scrolls of enchant armour {unknown}
 v - a scroll of torment {unknown}
 y - 2 scrolls of revelation {unknown}
 z - a scroll of silence {unknown}
 C - a scroll of immolation {unknown}
 F - 2 scrolls of identify
 G - a scroll of fear {unknown}
Potions
 c - 5 potions of mutation
 e - 5 potions of enlightenment
 f - a potion of resistance {unknown}
 k - 2 potions of might
 q - a potion of ambrosia {unknown}
 u - 2 potions of brilliance {unknown}
 x - a potion of curing
 A - 3 potions of invisibility
 B - a potion of lignification
 D - a potion of haste {unknown}


   Skills:
 - Level 9.0 Fighting
 - Level 2.0 Short Blades
 * Level 12.3 Axes
 + Level 5.8 Throwing
 - Level 5.0 Armour
 - Level 2.0 Dodging


You had 10 spell levels left.
You didn't know any spells.
Your spell library was empty.

Dungeon Overview and Level Annotations

Branches:
Dungeon (10/15)            Temple (0/1) D:6            Lair (0/5) D:10
    Orc (0/2) D:9         Ossuary (visited)

Altars:
Ru
Vehumet
Wu Jian

Shops:
D:1 *   D:3 [   D:8 =

Annotations:
D:6 1 exclusion


Innate Abilities, Weirdness & Mutations

You can wield a second weapon in your off-hand.
It takes a long time for you to wield or remove held weapons.
Your first few attacks do less damage.
You cannot equip rings or amulets.


Message History

Press: ? - help, Shift-Dir - straight line
Okay, then.
Unknown command.
You completely miss the troll with your +2 whip of electrocution.
The troll is almost dead.
You completely miss the troll with your +0 war axe.
The troll barely misses you. The troll closely misses you. The troll claws you.
You take 3 damage, and have 29/89 hp.
You closely miss the troll with your +0 war axe.
The troll is severely wounded.
You hit the troll with your +2 whip of electrocution.
The troll bites you.
* * * LOW HITPOINT WARNING * * *
The troll claws you!
* * * LOW HITPOINT WARNING * * *
The troll claws you but does no damage.
You take 15 damage, and have 14/89 hp.
Aiming: Iceblast
Press: ? - help, Shift-Dir - straight line The mass of ice explodes!
The iceblast engulfs the troll!
You kill the troll!
Trog accepts your kill. The yak closely misses you.
As you read the scroll of teleportation, it crumbles to dust.
You feel strangely unstable. The yak gores you!
* * * LOW HITPOINT WARNING * * *
You take 6 damage, and have 8/89 hp.
You feel much better. The yak gores you. The yak closely misses you.
You regained 19 hp, and now have 27/89 hp.
You hit the yak but do no damage.
You completely miss the yak with your +0 war axe.
The electric eel shoots out a bolt of lightning at you!
The bolt of electricity hits you!
* * * LOW HITPOINT WARNING * * *
The yak gores you!
* * * LOW HITPOINT WARNING * * *
You take 17 damage, and have 10/89 hp.
Aiming: Iceblast
Press: ? - help, Shift-Dir - straight line The mass of ice explodes!
The iceblast engulfs the yak!
The yak is moderately wounded.
The iceblast engulfs the hound!
The hound is almost dead.
The iceblast engulfs the electric eel!
The electric eel is almost dead.
Your surroundings seem slightly different.
The electric eel shoots out a bolt of lightning at you!
The bolt of electricity hits you!
* * * LOW HITPOINT WARNING * * *
You take 7 damage, and have 3/89 hp.
Aiming: Iceblast
Press: ? - help, Shift-Dir - straight line, f - electric eel
Aim: an electric eel (water, almost dead)
The mass of ice explodes!
The iceblast engulfs the electric eel!!
You kill the electric eel!
Trog accepts your kill.
You hear a splash.
The iceblast engulfs the hound!
You kill the hound!
Trog accepts your kill.
Okay, then.
You feel much better. The yak gores you!
* * * LOW HITPOINT WARNING * * *
You regained 9 hp, and now have 13/89 hp.
The yak attacks as it pursues you! The yak gores you!
* * * LOW HITPOINT WARNING * * *
You take 7 damage, and have 6/89 hp.
You slice the yak with your +0 war axe!!
The yak is heavily wounded.
You completely miss the yak with your +2 whip of electrocution.
A wraith comes into view.
The yak gores you but does no damage.
Unknown command.
Throw: 4 darts (curare)
Press: ? - help, Shift-Dir - straight line, f - yak
Aim: a yak (heavily wounded, 73% to hit)
You throw a curare-tipped dart. The curare-tipped dart hits the yak.
The yak is poisoned.
The yak struggles to breathe.
The yak seems to slow down.
The yak is heavily wounded.
You feel yourself speed up. The yak attacks as it pursues you!
The yak gores you but does no damage.
You feel better.
The yak is no longer moving slowly.
The yak gores you but does no damage.
You regained 6 hp, and now have 14/89 hp.
The yak attacks as it pursues you! The yak barely misses you.
The yak attacks as it pursues you! The yak barely misses you.
The yak attacks as it pursues you! The yak gores you!
* * * LOW HITPOINT WARNING * * *
You take 13 damage, and have 2/89 hp.
Throw: 3 darts (curare)
Press: ? - help, Shift-Dir - straight line, f/p - yak
Aim: a yak (severely wounded, poisoned, 73% to hit)
You throw a curare-tipped dart. The curare-tipped dart hits the yak.
The yak looks even sicker.
The yak struggles to breathe.
The yak seems to slow down.
The yak is almost dead.
You recover from your berserk rage.
The yak gores you!
You die...

....##
#.#(#..##.###.#
.....###.....###.###.
.....'....)..........
.....###....#.##.###
....## #.........#
...## #..###.##W#
<.## #........Y# +##
##.###.##Y# .# #.#
#.##@# .# #.# #<##.#
.## #.###.##.# ..##
###........# ...#
#.)....<#### ..##
#.####### .## #.#
.######.# ........#


You could see 2 yaks and a wraith.

Vanquished Creatures
  Erolcha (D:9)
  A kobold demonologist (D:9)
  A troll (D:10)
  Prince Ribbit (D:6)
  A hornet (D:8)
  Grinder (D:6)
  2 wyverns
  6 yaks
  Menkaure (D:6)
  A water moccasin (D:6)
  An orc warrior (D:9)
  Duvessa (D:4)
  5 black bears
  2 ice beasts
  4 sky beasts
  2 wolves (D:10)
  2 centaurs
  2 phantoms
  3 kobold brigands (D:9)
  4 bullfrogs
  Blork the orc (D:6)
  2 gnoll sergeants
  5 wights (D:8)
  Dowan (D:4)
  5 howler monkeys
  4 electric eels (D:10)
  6 bullfrog zombies (Ossuary)
  11 hounds
  4 jellies
  3 orc priests
  A bombardier beetle (D:6)
  A gnoll bouda (D:5)
  7 mummies (Ossuary)
  A sleepcap (D:7)
  4 iguanas
  10 orc wizards
  2 killer bee zombies (Ossuary)
  2 crocodile zombies (Ossuary)
  4 hound zombies (Ossuary)
  2 howler monkey zombies (Ossuary)
  9 gnolls
  8 adders
  5 dart slugs
  3 ribbon worms
  30 orcs
  7 ball pythons
  3 bats (D:1)
  2 endoplasms
  3 giant cockroaches
  9 goblins
  6 hobgoblins
  6 jackals
  11 kobolds
  3 quokkas
  2 ball python zombies (Ossuary)
  3 frilled lizards
  2 rats (D:2)
230 creatures vanquished.

Notes
Turn   | Place    | Note
-------+----------+-------------------------------------------
     0 | D:1      | backslashecho the Coglin Berserker began the quest for the
                  | Orb.
     0 | D:1      | Reached XP level 1. HP: 18/18 MP: 1/1
   139 | D:1      | Found Newoa's General Store.
   247 | D:1      | Reached XP level 2. HP: 21/24 MP: 2/2
   368 | D:1      | Reached skill level 1 in Short Blades
   431 | D:1      | Reached XP level 3. HP: 29/29 MP: 3/3
   866 | D:2      | Found a sacrificial altar of Ru.
   950 | D:2      | Reached XP level 4. HP: 26/35 MP: 4/4
  1056 | D:2      | Found a faded altar of an unknown god.
  1249 | D:2      | Reached ** piety under Trog
  1648 | D:3      | Reached skill level 4 in Axes
  1648 | D:3      | Reached XP level 5. HP: 42/42 MP: 5/5
  2234 | D:3      | Found Keasos's Armour Shoppe.
  2645 | D:4      | Noticed a wyvern
  2655 | D:4      | Killed a wyvern
  2656 | D:4      | Reached XP level 6. HP: 48/48 MP: 6/6
  2713 | D:4      | Noticed Dowan
  2714 | D:4      | Noticed Duvessa
  2750 | D:4      | Killed Duvessa
  2751 | D:4      | Reached skill level 5 in Axes
  2759 | D:4      | Killed Dowan
  2760 | D:4      | Reached XP level 7. HP: 20/55 MP: 1/7
  2780 | D:4      | HP: 1/55 [phantom (6)]
  3473 | D:5      | Entered Level 5 of the Dungeon
  3702 | D:5      | Reached skill level 5 in Fighting
  3702 | D:5      | Reached skill level 6 in Axes
  4012 | D:5      | Reached *** piety under Trog
  4013 | D:5      | Reached XP level 8. HP: 61/62 MP: 8/8
  4126 | D:5      | Reached skill level 7 in Axes
  4212 | D:5      | Found an ornate altar of the Wu Jian Council.
  4615 | D:6      | Noticed Prince Ribbit
  4622 | D:6      | Killed Prince Ribbit
  4625 | D:6      | Reached skill level 8 in Axes
  4750 | D:6      | Reached skill level 5 in Armour
  4834 | D:6      | Reached XP level 9. HP: 69/69 MP: 9/9
  4866 | D:6      | Noticed Blork the orc
  4874 | D:6      | Reached skill level 1 in Throwing
  4881 | D:6      | Killed Blork the orc
  4881 | D:6      | Noticed Menkaure
  4890 | D:6      | Noticed Grinder
  5011 | D:6      | Killed Grinder
  5021 | D:6      | HP: 5/106 [Menkaure (7)]
  5022 | D:6      | Killed Menkaure
  5023 | D:6      | Reached skill level 9 in Axes
  5270 | D:6      | Found a staircase to the Ecumenical Temple.
  5949 | D:7      | Found a sand-covered staircase.
  5960 | Ossuary  | Entered an ossuary
  5972 | Ossuary  | Reached **** piety under Trog
  6098 | Ossuary  | Reached skill level 10 in Axes
  6198 | Ossuary  | Reached XP level 10. HP: 78/79 MP: 10/10
  6557 | D:7      | Identified the +2 falchion of Dim Light {pain, rC+ rCorr
                  | Str+2 Int+4}
  6936 | D:8      | Found Quhuuhe's Jewellery Boutique.
  7304 | D:8      | Reached ***** piety under Trog
  7375 | D:8      | Noticed a lindwurm
  7377 | D:8      | Noticed a lindwurm
  7511 | D:9      | Reached skill level 11 in Axes
  7551 | D:9      | Found a radiant altar of Vehumet.
  7742 | D:9      | Noticed a kobold demonologist
  7758 | D:9      | Noticed a sun demon
  7758 | D:9      | Killed a kobold demonologist
  7814 | D:9      | Found a staircase to the Orcish Mines.
  8003 | D:9      | Noticed Erolcha
  8020 | D:9      | Reached skill level 5 in Throwing
  8109 | D:9      | Killed Erolcha
  8110 | D:9      | Reached XP level 11. HP: 87/87 MP: 11/11
  8327 | D:10     | Entered Level 10 of the Dungeon
  8481 | D:10     | Found a staircase to the Lair.
  8486 | D:10     | Reached skill level 12 in Axes
  8494 | D:10     | Reached skill level 9 in Fighting
  8519 | D:10     | HP: 3/89 [electric eel/bolt of electricity (7)]
  8533 | D:10     | HP: 2/89 [yak (13)]
  8534 | D:10     | Mangled by a yak

Illustrated notes

Levels and vault maps discovered:
D:1:      tekkud_arrival_beachfront_property, layout_rooms, serial_shops, shop
D:2:      layout_basic, ebering_ecumenical_altar_webs, basic_altar
D:3:      layout_basic, serial_shops, nicolae_shop_real_fake_doors, st_stairs_9
D:4:      layout_basic, uniq_duvessa
D:5:      layout_basic, overflow_temple_1_default,
          minmay_fractal_squares_diagonal_5
D:6:      layout_loops_ring, minmay_temple_entry_junction,
          corexii_leaking_fountain, st_stairs_2, uniq_menkaure,
          uniq_prince_ribbit1, uniq_blork_the_orc, uniq_grinder
D:7:      layout_basic, mainiacjoe_ossuary_entry_dusty_tomb
D:8:      layout_rooms, serial_shops, nicolae_square_shop, minmay_lindwurm_lava
D:9:      layout_loops_cross, amcnicky_altar_gilded, orc_0_dummy, uniq_erolcha
D:10:     layout_loops_corners, erik_lair_island

Skill      XL: |  1  2  3  4  5  6  7  8  9 10 11 |
---------------+----------------------------------+-----
Dodging        | 2 |  2.0
Armour         | 2 3 4 5 |  5.0
Short Blades   | 1 2 |  2.0
Axes           | 4 5 6 8 10 11 12 | 12.3
Fighting       | 4 5 6 7 8 9 |  9.0
Throwing       | 3 5 |  5.8

Action                     |  1- 3 |  4- 6 |  7- 9 | 10-12 || total
---------------------------+-------+-------+-------+-------++-------
  Melee: Hand axe          |    66 |    75 |    43 |       ||   184
         Dagger            |    58 |    71 |   251 |    73 ||   453
         War axe           |       |       |   222 |   197 ||   419
         Whip              |       |       |       |   120 ||   120
  Throw: Dart              |       |     6 |     9 |     3 ||    18
 Invoke: Berserk           |     1 |     2 |     7 |     5 ||    15
         Trog's Hand       |       |     1 |     1 |     3 ||     5
  Evoke: Wand              |       |       |       |     7 ||     7
    Use: Scroll            |       |       |     7 |     4 ||    11
         Potion            |       |       |     4 |     3 ||     7
   Stab: Sleeping          |     1 |     2 |       |       ||     3
 Armour: Animal skin       |    32 |    34 |       |       ||    66
         Leather armour    |       |     1 |       |       ||     1
         Ring mail         |       |    12 |    94 |   137 ||   243
         Scale mail        |       |       |    93 |       ||    93
  Dodge: Dodged            |    45 |    40 |   123 |    87 ||   295

Table legend: (Time is in decaauts)
 A = Elapsed time spent in this place.
 B = Non-inter-level travel time spent in this place.
 C = Inter-level travel time spent in this place.
 D = Time resting spent in this place.
 E = Time spent auto-exploring this place.
 F = Levels seen in this place.
 G = Mean time per level.
                   A        B        C        D        E       F      G
               +--------+--------+--------+--------+--------+-----+--------+
         Total |   8671 |   7847 |    824 |    847 |   4769 |  11 |  788.3 |
       Dungeon |   8191 |   7367 |    824 |    798 |   4532 |  10 |  819.1 |
       Ossuary |    480 |    480 |      0 |     49 |    236 |   1 |  480.0 |
               +--------+--------+--------+--------+--------+-----+--------+

Top non-repeatable levels by time:
     D:5: 1152 daAuts
     D:6: 1073 daAuts
     D:4: 1014 daAuts
     D:7: 908 daAuts
     D:3: 858 daAuts
     D:1: 831 daAuts
     D:2: 808 daAuts
     D:9: 797 daAuts
     D:8: 569 daAuts
 Ossuary: 480 daAuts
    D:10: 177 daAuts
